 Dungeon Crawl Stone Soup version 0.30-a0-1161-g0704695555 (webtiles) character file.

Game seed: 295619180856769685

54 qeuew the Covered (level 3, 0/24 HPs)
             Began as a Gargoyle Fighter on Apr 27, 2023.
             Slain by Grinder (2 damage)
             ... on level 3 of the Dungeon.
             The game lasted 00:01:42 (1125 turns).

qeuew the Covered (Gargoyle Fighter)                Turns: 1125, Time: 00:01:45

Health: 0/24       AC: 17    Str: 21    XL:     3   Next: 91%
Magic:  0/0        EV: 10    Int:  8    God:
Gold:   178        SH:  4    Dex: 11    Spells: 2/2 levels left

rFire   . . .        a - +1 flail
rCold   . . .        c - +0 buckler
rNeg    + . .        l - +8 ring mail of Miasch {+Blink Will++ MP-9 Dex+2}
rPois   ∞            (no helmet)
rElec   +            (no cloak)
rCorr   .            (no gloves)
SInv    .            (no boots)
Will    ++...        (no amulet)
Stlth   +            (no ring)
HPRegen 0.24/turn    (no ring)
MPRegen 0.07/turn

%: no passive effects
@: no status effects
A: sickness immunity, AC +3, negative energy resistance 1, electricity
resistance, torment resistance 1, petrification resistance
a: Evoke Blink


You were on level 3 of the Dungeon.
You visited 1 branch of the dungeon, and saw 3 of its levels.

You collected 178 gold pieces.

Inventory:

Hand Weapons
 a - a +1 flail (weapon)
Armour
 c - a +0 buckler (worn)
 l - the +8 ring mail of Miasch (worn) {+Blink Will++ MP-9 Dex+2}
   (You found it on level 2 of the Dungeon)

   Dex:       It affects your dexterity (+2).
   MP:        It affects your magic capacity (-9).
   +Blink:    It lets you blink.
   Will:      It greatly increases your willpower.
Potions
 b - a potion of heal wounds
 d - a potion of might
 f - a potion of curing
 g - a potion of berserk rage
 k - a potion of haste


   Skills:
 + Level 3.6 Fighting
 * Level 2.9 Maces & Flails
 * Level 4.0 Armour
 + Level 3.6 Shields


You had 2 spell levels left.
You didn't know any spells.
Your spell library was empty.

Dungeon Overview and Level Annotations

Branches:
Dungeon (3/15)

Altars:

Annotations:
D:3 Grinder


Innate Abilities, Weirdness & Mutations

You are immune to sickness and miasma.
Your stone body is resilient. (AC +3)
You are immune to poison.
You resist negative energy. (rN+)
You are resistant to electric shocks. (rElec)
You are resistant to unholy torment.
You are immune to petrification.


Message History

You are too injured to fight recklessly!
You are too injured to fight recklessly!
You are too injured to fight recklessly!
You are too injured to fight recklessly!
You are too injured to fight recklessly!
Unknown command.
You hit Grinder.
Grinder is heavily wounded.
The adder bites you but does no damage. Grinder hits you but does no damage.
The adder barely misses you.
You barely miss Grinder.
Grinder is moderately wounded.
The adder closely misses you. Grinder hits you but does no damage.
You thump Grinder!
Grinder is severely wounded.
The adder barely misses you. Grinder hits you but does no damage.
The adder bites you. Grinder gestures at you. You resist with almost no effort.
You barely miss Grinder.
Grinder is severely wounded.
The adder misses you. Grinder gestures at you.
You resist with almost no effort. The adder bites you but does no damage.
You hit Grinder.
Grinder is almost dead.
The adder bites you but does no damage. Grinder hits you but does no damage.
The adder bites you but does no damage.
You barely miss Grinder.
Grinder is almost dead.
Grinder barely misses you. The adder bites you but does no damage.
Grinder hits you.
You hit Grinder but do no damage.
Grinder is almost dead.
The adder bites you.
* * * LOW HITPOINT WARNING * * *
The adder closely misses you. Grinder hits you.
* * * LOW HITPOINT WARNING * * *
You writhe in agony.
You die...

#.# #.. #.. ..# ###
#.# # ..# # #.# ##
#.# #.#
####S############.#.
#.5@....##.......# #
#.##.##.##.####.## #
# #..........##.###
####.##.##.##..#.
#.#####.##.##[.....#
#.......##.#####.###
##########..........
###########


You could see Grinder and an adder.

Vanquished Creatures
  An adder (D:2)
  2 worms (D:2)
  An orc (D:3)
  3 bats
  3 endoplasms
  2 goblins
  3 hobgoblins
  5 jackals
  A kobold (D:1)
  A quokka (D:2)
  7 ball pythons
  2 frilled lizards
  6 rats
37 creatures vanquished.

Notes
Turn   | Place    | Note
-------+----------+-------------------------------------------
     0 | D:1      | qeuew the Gargoyle Fighter began the quest for the Orb.
     0 | D:1      | Reached XP level 1. HP: 14/14 MP: 1/1
   100 | D:1      | Reached XP level 2. HP: 6/19 MP: 2/2
   580 | D:2      | Reached XP level 3. HP: 21/23 MP: 3/3
   726 | D:2      | Identified the +0 cloak "Damnable Contraption" {rN+}
   808 | D:2      | Identified the +8 ring mail of Miasch {+Blink Will++ MP-9
                  | Dex+2}
  1059 | D:3      | Reached skill level 4 in Armour
  1104 | D:3      | Noticed Grinder
  1125 | D:3      | Slain by Grinder

Illustrated notes

Levels and vault maps discovered:
D:1:      dpeg_arrival_tiny_i, layout_basic
D:2:      layout_basic, minmay_tetromino_i2
D:3:      layout_loops_cross, lemuel_round_altar, hex_tiny,
          kennysheep_generic_room_3, uniq_grinder, uniq_ijyb

Skill      XL: |  1  2  3 |
---------------+----------+-----
Armour         | 4 |  4.0
Fighting       | |  3.6
Maces & Flails | |  2.9
Shields        | |  3.6

Action                     || total
---------------------------++-------
  Melee: Flail             ||   136
    Use: Scroll            ||     7
         Potion            ||     3
 Armour: Scale mail        ||    81
         Ring mail         ||    17
  Dodge: Dodged            ||    80
  Block: Buckler           ||    22

Table legend: (Time is in decaauts)
 A = Elapsed time spent in this place.
 B = Non-inter-level travel time spent in this place.
 C = Inter-level travel time spent in this place.
 D = Time resting spent in this place.
 E = Time spent auto-exploring this place.
 F = Levels seen in this place.
 G = Mean time per level.
                   A        B        C        D        E       F      G
               +--------+--------+--------+--------+--------+-----+--------+
         Total |   1146 |   1111 |     35 |      0 |    806 |   3 |  382.0 |
       Dungeon |   1146 |   1111 |     35 |      0 |    806 |   3 |  382.0 |
               +--------+--------+--------+--------+--------+-----+--------+

Top non-repeatable levels by time:
     D:2: 570 daAuts
     D:1: 515 daAuts
     D:3: 61 daAuts
